 Dungeon Crawl Stone Soup version 0.27.1-34-g3ba077fa99 (webtiles) character file.

Game seed: 2740155994294308736

60 zeram the Shield-Bearer (level 4, 0/29 HPs)
             Began as a Gargoyle Fighter on Jan 20, 2022.
             Slain by Robin (3 damage)
             ... on level 2 of the Dungeon.
             The game lasted 00:01:18 (1180 turns).

zeram the Shield-Bearer (Gargoyle Fighter)          Turns: 1180, Time: 00:01:19

Health: 0/29       AC: 10    Str: 21    XL:     4   Next: 6%
Magic:  4/4        EV:  7    Int:  8    God:
Gold:   43         SH:  9    Dex:  9    Spells: 3/3 levels left

rFire    . . .     SeeInvis .   a - +1 war axe
rCold    . . .     Faith    .   c - +0 kite shield
rNeg     + . .     Spirit   .   b - +0 scale mail
rPois    ∞         Reflect  .   (no helmet)
rElec    +         Harm     .   (no cloak)
rCorr    .         Rampage  .   (no gloves)
Will     .....                  (no boots)
Stlth    ..........             (no amulet)
HPRegen  0.09/turn              (no ring)
MPRegen  0.09/turn              (no ring)

@: no status effects
A: sickness immunity, AC +3, negative energy resistance 1, electricity
resistance, torment resistance 1, petrification resistance
a: no special abilities


You were on level 2 of the Dungeon.
You visited 1 branch of the dungeon, and saw 2 of its levels.

You collected 43 gold pieces.

Inventory:

Hand Weapons
 a - a +1 war axe (weapon)
Armour
 b - a +0 scale mail (worn)
 c - a +0 kite shield (worn)


   Skills:
 + Level 3.9 Fighting
 - Level 1.7 Axes
 + Level 4.0 Armour
 + Level 0.2 Dodging
 + Level 4.2 Shields


You had 3 spell levels left.
You didn't know any spells.
Your spell library was empty.

Dungeon Overview and Level Annotations

Branches:
Dungeon (2/15)

Altars:

Annotations:
D:2 Robin


Innate Abilities, Weirdness & Mutations

You are immune to sickness and miasma.
Your stone body is resilient. (AC +3)
You are immune to poison.
You resist negative energy. (rN+)
You are resistant to electric shocks. (rElec)
You are resistant to unholy torment.
You are immune to petrification.


Message History

You kill the rat!
The goblin hits you with a +0 club.
* * * LOW HITPOINT WARNING * * *
You slash the goblin!
You kill the goblin!
Your Armour skill increases to level 4!
There is an open door here.
You feel a strong urge to attack something.
You slam the door shut with a bang!
You start resting.
You feel your anger nearly subside.
You are no longer berserk.
You are exhausted.
You feel yourself slow down.
You start resting.
You feel yourself speed up.
You feel a little less mighty now.
You start resting.
You recover from your berserk rage.
You start resting.
Robin of the Strong Arm comes into view.
They are wielding a +0 club.
Robin is nearby!
You aren't carrying any potions.
As you open the door, it creaks loudly!
There is an open door here.
You closely miss Robin. Robin barely misses you.
You hit Robin.
Robin is moderately wounded.
Robin hits you but does no damage. You block Robin's attack.
You hit Robin.
Robin is severely wounded.
Robin drinks a potion.
Robin is healed!
You block Robin's attack.
You slash Robin!
Robin is severely wounded.
Robin says, "Kneel, worm!"
You block Robin's attack.
You hit Robin but do no damage.
Robin is severely wounded.
Robin hits you with a +0 club.
* * * LOW HITPOINT WARNING * * *
Robin hits you with a +0 club.
You die...

#.########..........
#.................#
############..###.#
#.## . #.# .. #.#
######.#
#.####......#
#....#))..###.
#.##g@.)......
#.####))..###. #.#
#......# #.#
######.# #.# .. #.#
. #.#


You could see Robin.

Vanquished Creatures
  2 adders (D:2)
  3 endoplasms (D:1)
  4 giant cockroaches
  10 goblins
  4 hobgoblins (D:2)
  2 jackals (D:1)
  2 kobolds (D:1)
  5 ball pythons
  3 bats (D:1)
  A rat (D:2)
36 creatures vanquished.

Notes
Turn   | Place    | Note
-------+----------+-------------------------------------------
     0 | D:1      | zeram the Gargoyle Fighter began the quest for the Orb.
     0 | D:1      | Reached XP level 1. HP: 14/14 MP: 1/1
    74 | D:1      | Found a faded altar of an unknown god.
   165 | D:1      | Reached XP level 2. HP: 17/19 MP: 2/2
   979 | D:2      | Reached XP level 3. HP: 22/23 MP: 3/3
  1123 | D:2      | HP: 1/24 [hobgoblin (3)]
  1126 | D:2      | Reached XP level 4. HP: 3/29 MP: 4/4
  1173 | D:2      | Noticed Robin
  1180 | D:2      | Slain by Robin

Illustrated notes

Levels and vault maps discovered:
D:1:      ebering_trefoil_twist, layout_loops_ring,
          ebering_ecumenical_altar_sacrificial, st_stairs_7
D:2:      layout_loops_ring, kennysheep_minor_cross, uniq_robin

Skill      XL: |  1  2  3  4 |
---------------+-------------+-----
Shields        | 4 |  4.2
Armour         | 4 |  4.0
Fighting       | |  3.9
Axes           | |  1.7
Dodging        | |  0.2

Action                   |  1- 3 |  4- 6 || total
-------------------------+-------+-------++-------
Melee: War axe           |    65 |     8 ||    73
  Use: Scroll            |     3 |       ||     3
       Potion            |     2 |       ||     2
Armor: Scale mail        |    50 |     2 ||    52
Dodge: Dodged            |    37 |     1 ||    38
Block: Kite shield       |    52 |     4 ||    56
